 Dungeon Crawl Stone Soup version 0.28-a0-472-g50180c0d78 (webtiles) character file.

Game seed: 7946377824848562152

390 Dabor the Skirmisher (level 7, -6/55 HPs)
             Began as a Formicid Abyssal Knight on Sept 15, 2021.
             Was a Priest of Lugonu.
             Mangled by an ogre (11 damage)
             ... on level 4 of the Dungeon.
             The game lasted 00:10:27 (4948 turns).

Dabor the Skirmisher (Formicid Abyssal Knight)      Turns: 4948, Time: 00:10:28

Health: -6/55      AC: 10    Str: 18    XL:     7   Next: 7%
Magic:  10/10      EV:  8    Int: 12    God:    Lugonu [***...]
Gold:   157        SH:  0    Dex: 12    Spells: 6/6 levels left

rFire   . . .      SeeInvis +   a - +1 spear
rCold   . . .      Faith    .   (no shield)
rNeg    . . .      Spirit   .   e - +0 chain mail
rPois   .          Reflect  .   (helmet unavailable)
rElec   .          Harm     .   (no cloak)
rCorr   .          Rampage  .   f - +0 pair of gloves
Will    .....                   (no boots)
Stlth   ..........              (no amulet)
HPRegen 0.18/turn               (no ring)
MPRegen 0.12/turn               (no ring)

@: no status effects
A: permanent stasis, dig shafts and tunnels, antennae 3, four strong arms, agile
1, deterioration 1
a: Dig, Shaft Self, Renounce Religion, Depart the Abyss, Bend Space, Banish


You were on level 4 of the Dungeon.
You worshipped Lugonu.
Lugonu was most pleased with you.
You visited 1 branch of the dungeon, and saw 5 of its levels.
You visited the Abyss 1 time.

You collected 157 gold pieces.

Inventory:

Hand Weapons
 a - a +1 spear (weapon)
Armour
 b - a +0 leather armour
 e - a +0 chain mail (worn)
 f - a +0 pair of gloves (worn)
Jewellery
 g - an amulet of the acrobat
Scrolls
 c - a scroll of enchant armour {unknown}
 h - 2 scrolls of immolation
 l - a scroll of identify
 m - a scroll of magic mapping
Potions
 k - a potion of degeneration {unknown}
Miscellaneous
 i - a piece from Xom's chessboard (15/15)


   Skills:
 + Level 4.5 Fighting
 + Level 3.3 Polearms
 + Level 3.8 Armour
 + Level 2.6 Dodging
 + Level 4.1 Invocations
 + Level 1.4 Evocations


You had 6 spell levels left.
You didn't know any spells.
Your spell library contained the following spells:

 Spells                   Type           Power      Damage    Failure   Level
 Malign Gateway           Summ/Tloc      0%         N/A       100%        7
 Summon Horrible Things   Summ           0%         N/A       100%        8


Dungeon Overview and Level Annotations

Branches:
Dungeon (5/15)
 Temple: D:4-7

Altars:
Fedhas
Vehumet


Innate Abilities, Weirdness & Mutations

You cannot be hasted, slowed, berserked, paralysed or teleported.
You can dig through walls and to a lower floor.
You have a pair of large antennae on your head. (SInv)
Your four strong arms can wield two-handed weapons with a shield.
You are agile. (Dex +2)
Your body sometimes deteriorates upon taking damage.


Message History

You hit the jelly.
Your hands burn!
* * * LOW HITPOINT WARNING * * *
The jelly is severely wounded.
The jelly hits you but does no damage.
You barely miss the jelly.
The jelly is severely wounded.
The jelly barely misses you.
You hit the jelly but do no damage.
Your hands burn!
* * * LOW HITPOINT WARNING * * *
The jelly is severely wounded.
The jelly closely misses you.
You hit the jelly but do no damage.
Your hands burn!
* * * LOW HITPOINT WARNING * * *
The jelly is severely wounded.
The jelly barely misses you.
You hit the jelly.
Your hands burn!
* * * LOW HITPOINT WARNING * * *
The jelly is almost dead.
The jelly closely misses you.
You hit the jelly.
You kill the jelly!
Lugonu accepts your kill.
You feel your dexterity returning.
You have reached level 7!
You hit the orc.
The orc is severely wounded.
The orc hits you but does no damage.
You closely miss the orc.
The orc is severely wounded.
The orc barely misses you.
You barely miss the orc.
The orc is severely wounded.
You are no longer corroded.
The orc closely misses you.
You hit the orc.
You kill the orc!
Lugonu accepts your kill.
An ice beast comes into view.
You climb upwards.
The ogre hits you with a +0 giant club!
You die...

#. #### ..## ########
#.## #......# #.##
#......#######.##
#####..............##
#...O....)[........##
#...@..')[(.))...(.รท.
#......###.........##
#......# #.........##
####...# ########..##
#.### #.... #.# ##.##
#.# #.# #.# #.## #.#
#######...


You could see an ogre.

Vanquished Creatures
  A necrophage (D:3)
  Blork the orc (D:4)
  An orc priest (D:4)
  A jelly (D:5)
  4 gnolls (D:2)
  2 adders
  A dart slug (D:3)
  23 orcs
  4 bats
  8 endoplasms
  2 giant cockroaches
  4 goblins
  5 hobgoblins
  12 jackals (D:4)
  5 kobolds
  4 quokkas
  6 ball pythons
  7 frilled lizards
  5 rats
96 creatures vanquished.

Vanquished Creatures (others)
  An orc (D:2)
1 creature vanquished.

Grand Total: 97 creatures vanquished

Notes
Turn   | Place    | Note
-------+----------+-------------------------------------------
     0 | Abyss:1  | Dabor the Formicid Abyssal Knight began the quest for the
                  | Orb.
     0 | Abyss:1  | Reached XP level 1. HP: 18/18 MP: 2/2
     0 | D:1      | Escaped the Abyss
    51 | D:1      | Reached skill level 1 in Dodging
   227 | D:1      | Reached * piety under Lugonu
   228 | D:1      | Reached XP level 2. HP: 23/24 MP: 3/3
   585 | D:1      | Found a faded altar of an unknown god.
   916 | D:2      | Found a blossoming altar of Fedhas.
   976 | D:2      | Reached XP level 3. HP: 29/29 MP: 4/4
  1319 | D:2      | Reached XP level 4. HP: 28/37 MP: 6/6
  1349 | D:2      | Gained mutation: Your body sometimes deteriorates upon
                  | taking damage. [potion of mutation]
  1349 | D:2      | Gained mutation: You are agile. (Dex +2) [potion of
                  | mutation]
  1573 | D:3      | Found a radiant altar of Vehumet.
  2783 | D:3      | Reached XP level 5. HP: 30/42 MP: 7/7
  3125 | D:3      | Reached ** piety under Lugonu
  3391 | D:3      | Noticed a necrophage
  3418 | D:3      | Killed a necrophage
  3419 | D:3      | Reached XP level 6. HP: 25/48 MP: 8/8
  4213 | D:4      | Noticed Blork the orc
  4233 | D:4      | Killed Blork the orc
  4552 | D:4      | Reached skill level 1 in Evocations
  4827 | D:4      | Noticed an ogre
  4869 | D:4      | HP: 1/49 [ogre (15)]
  4921 | D:5      | Entered Level 5 of the Dungeon
  4929 | D:5      | Reached *** piety under Lugonu
  4942 | D:5      | Reached XP level 7. HP: 3/55 MP: 10/10
  4948 | D:4      | Mangled by an ogre

Illustrated notes

Levels and vault maps discovered:
D:1:      dpeg_arrival_arbitrary_b, layout_basic,
          shapermc_ecumenical_altar_notcrosses
D:2:      layout_loops_ring, basic_altar, lemuel_old_faithful
D:3:      minmay_octagon_keep, layout_loops_corners,
          mainiacjoe_overflow_boulevard, minmay_diced_spiral
D:4:      layout_basic, uniq_blork_the_orc
D:5:      layout_loops_ring, minmay_temple_entry_fiery,
          gammafunk_ghost_nasty_kobolds, minmay_quadrilaterals

Skill      XL: |  1  2  3  4  5  6 |
---------------+-------------------+-----
Dodging        | 1 2 |  2.6
Invocations    | 3 4 |  4.1
Armour         | 3 |  3.8
Fighting       | 4 |  4.5
Polearms       | 3 |  3.3
Evocations     | 1 |  1.4

Action                   |  1- 3 |  4- 6 |  7- 9 || total
-------------------------+-------+-------+-------++-------
Melee: Spear             |   107 |   307 |     4 ||   418
Throw: Boomerang         |       |     4 |       ||     4
Invok: Depart the Abyss  |     1 |       |       ||     1
 Abil: Dig               |       |     1 |       ||     1
  Use: Scroll            |     3 |     3 |       ||     6
       Potion            |       |     4 |       ||     4
Armor: Leather armour    |    17 |     4 |       ||    21
       Chain mail        |       |   112 |     1 ||   113
Dodge: Dodged            |    44 |   118 |     2 ||   164

Table legend: (Time is in decaauts)
 A = Elapsed time spent in this place.
 B = Non-inter-level travel time spent in this place.
 C = Inter-level travel time spent in this place.
 D = Time resting spent in this place.
 E = Time spent auto-exploring this place.
 F = Levels seen in this place.
 G = Mean time per level.
                   A        B        C        D        E       F      G
               +--------+--------+--------+--------+--------+-----+--------+
         Total |   4937 |   4760 |    177 |   1057 |   2760 |   6 |  822.8 |
       Dungeon |   4937 |   4760 |    177 |   1057 |   2760 |   5 |  987.4 |
         Abyss |      0 |      0 |      0 |      0 |      0 |   1 |    0.0 |
               +--------+--------+--------+--------+--------+-----+--------+

Top non-repeatable levels by time:
     D:3: 1926 daAuts
     D:2: 1418 daAuts
     D:1: 865 daAuts
     D:4: 702 daAuts
     D:5: 25 daAuts
